 Dungeon Crawl Stone Soup version 0.29.1-15-g9cfb28693d (webtiles) character file.

Game seed: 9908234636882764971

24 Derfel the Trooper (level 3, 29/34 HPs)
             Began as a Hill Orc Fighter on Jan 29, 2023.
             Was a Follower of the Shining One.
             Quit the game on level 2 of the Dungeon on June 28, 2023.
             The game lasted 00:06:19 (886 turns).

Derfel the Trooper (Hill Orc Fighter)                Turns: 886, Time: 00:06:20

Health: 29/34      AC:  6    Str: 20    XL:     3   Next: 2%
Magic:  3/3        EV:  9    Int:  8    God:    the Shining One [*.....]
Gold:   29         SH:  4    Dex: 10    Spells: 2/2 levels left

rFire   . . .      SeeInvis .   a - +0 war axe
rCold   . . .      Faith    .   c - +0 buckler
rNeg    . . .      Spirit   .   b - +0 scale mail
rPois   .          Reflect  .   (no helmet)
rElec   .          Harm     .   (no cloak)
rCorr   .          Rampage  .   (no gloves)
Will    .....                   (no boots)
Stlth   ..........              (no amulet)
HPRegen 0.11/turn               (no ring)
MPRegen 0.08/turn               (no ring)

@: glowing
A: no striking features
a: Renounce Religion, Divine Shield


You were on level 2 of the Dungeon.
You worshipped the Shining One.
The Shining One was aware of your devotion.
You visited 1 branch of the dungeon, and saw 2 of its levels.

You collected 29 gold pieces.

Inventory:

Hand Weapons
 a - a +0 war axe (weapon)
 j - a +0 sling
Missiles
 e - 8 stones (quivered)
Armour
 b - a +0 scale mail (worn)
 c - a +0 buckler (worn)
 h - a +0 robe
Scrolls
 f - a scroll of fog {unknown}
 g - a scroll of torment {unknown}
 i - a scroll of noise {unknown}
 k - a scroll of poison {unknown}
 l - a scroll of teleportation {unknown}
Potions
 d - a potion of might


   Skills:
 + Level 4.4 Fighting
 + Level 3.3 Axes
 - Level 3.4 Armour
 - Level 3.2 Shields


You had 2 spell levels left.
You didn't know any spells.
Your spell library was empty.

Dungeon Overview and Level Annotations

Branches:
Dungeon (2/15)

Altars:
The Shining One


Message History

You slash the worm!
The worm is heavily wounded.
You block the worm's attack.
You slash the worm!
The worm is almost dead.
The worm bites you.
You hit the worm.
The worm is almost dead.
You hit the worm.
You kill the worm!
You have reached level 3!
Your experience leads to an increase in your attributes!
Increase (S)trength, (I)ntelligence, or (D)exterity?
Uppercase letters only, please.
You feel stronger. x2
There is a stone staircase leading up here.
You now have 29 gold pieces (gained 8).
Press: ? - help, v - describe, . - travel, g - get item Item here: a falchion.
The floor.
Are you sure you want to abandon this character and quit the game? (Confirm with "yes".)
Okay, then.
Saving game... please wait.
Welcome back, Derfel the Hill Orc Fighter.
The Shining One says: Lead the forces of light to victory!
Press ? for a list of commands and other information.
Saving game... please wait.
Welcome back, Derfel the Hill Orc Fighter.
The Shining One says: Lead the forces of light to victory!
Press ? for a list of commands and other information.
Unknown command.
Unknown command.
Unknown command.
Unknown command.
Unknown command.
Saving game... please wait.
Welcome back, Derfel the Hill Orc Fighter.
The Shining One says: Lead the forces of light to victory!
Press ? for a list of commands and other information.
Are you sure you want to abandon this character and quit the game? (Confirm with "yes".)

#######
##.....##
##.......##
#........)#
#.........#
#)........#
#....†....#
#.....@...#
##...<...##
#.........#
#.............
#.........####
#.........#
#.........#
##.......##
##......#


There were no monsters in sight!

Vanquished Creatures
  A worm (D:2)
  A dart slug (D:1)
  A giant cockroach (D:1)
  5 hobgoblins
  A kobold (D:1)
  2 quokkas (D:1)
  A ball python (D:1)
  A bat (D:1)
  3 frilled lizards
  3 rats (D:1)
19 creatures vanquished.

Notes
Turn   | Place    | Note
-------+----------+-------------------------------------------
     0 | D:1      | Derfel the Hill Orc Fighter began the quest for the Orb.
     0 | D:1      | Reached XP level 1. HP: 19/19 MP: 1/1
   212 | D:1      | Reached skill level 4 in Fighting
   212 | D:1      | Reached XP level 2. HP: 22/27 MP: 2/2
   502 | D:1      | Found a faded altar of an unknown god.
   533 | D:1      | Prayed at the altar of an unknown god.
   533 | D:1      | Became a worshipper of the Shining One
   533 | D:1      | Reached * piety under the Shining One
   880 | D:2      | Reached XP level 3. HP: 28/34 MP: 3/3
   885 | D:2      | Upgraded the game from 0.29.1-13-g9f3cf754e1 to
                  | 0.29.1-15-g9cfb28693d
   886 | D:2      | Quit the game

Illustrated notes

Levels and vault maps discovered:
D:1:      minmay_arrival_four_houses, layout_basic,
          hellmonk_ecumenical_altar_crossroads, corexii_hall_statues_t,
          chequers_serial_rivers_micro_b, hangedman_glass_teeth,
          corexii_leaking_fountain
D:2:      layout_rooms, basic_altar, grunt_ministairs_12

Skill      XL: |  1  2 |
---------------+-------+-----
Fighting       | 4 |  4.4
Axes           | 3 |  3.3
Armour         | |  3.4
Shields        | |  3.2

Action                   || total
-------------------------++-------
Melee: War axe           ||    55
Throw: Stone             ||     6
Armor: Scale mail        ||    19
Dodge: Dodged            ||    25
Block: Buckler           ||    15
